 Dungeon Crawl Stone Soup version 0.25.1-2-g60ff931df9 (webtiles) character file.

Game seed: 8862952683929972143

315 hawla the Magician (level 6, -3/46 HPs)
             Began as a Draconian Venom Mage on Nov 10, 2020.
             Was an Initiate of Vehumet.
             Shot with an arrow by a centaur (10 damage)
             ... on level 5 of the Dungeon.
             The game lasted 00:13:34 (5257 turns).

hawla the Magician (Draconian Venom Mage)           Turns: 5257, Time: 00:13:35

Health: -3/46      AC:  7    Str: 11    XL:     6   Next: 19%
Magic:  2/12       EV: 27    Int: 15    God:    Vehumet [......]
Gold:   217        SH:  0    Dex: 11    Spells: 3/13 levels left

rFire    . . .     SeeInvis .   k - +3 falchion (vamp)
rCold    . . .     Gourm    .   (no shield)
rNeg     . . .     Faith    .   (armour unavailable)
rPois    .         Spirit   .   (helmet restricted)
rElec    .         Reflect  .   (no cloak)
rCorr    +         Harm     .   d - +0 pair of gloves
MR       .....                  (no boots)
Stlth    ++........             h - amulet of the acrobat
HPRegen  0.15/turn              o - ring of resist corrosion
MPRegen  0.13/turn              (no ring)

@: mighty, lethally poisoned (-3 -> -3), acrobat, very slightly contaminated
A: unfitting armour, dopey 1, cold-blooded, MP-powered wands, AC +6
a: Renounce Religion


You were on level 5 of the Dungeon.
You worshipped Vehumet.
Vehumet was noncommittal.
You were hungry.

You visited 1 branch of the dungeon, and saw 5 of its levels.

You collected 217 gold pieces.

Inventory:

Hand Weapons
 k - a +3 vampiric falchion (weapon)
Missiles
 l - 4 silver javelins (quivered)
Armour
 d - a +0 pair of gloves (worn)
Jewellery
 h - an amulet of the acrobat (around neck)
 o - a ring of resist corrosion (left hand)
Wands
 j - a wand of flame (7)
Scrolls
 e - a scroll of amnesia
 m - a scroll of identify
 n - a scroll of teleportation
 q - a scroll of fog {unknown}
Potions
 a - a potion of might
 c - 3 potions of flight {unknown}
 f - 2 potions of magic {unknown}
 g - 4 potions of degeneration {unknown}
 i - 2 potions of haste {unknown}
Comestibles
 b - 9 rations
 p - 2 chunks of flesh


   Skills:
 + Level 0.3 Fighting
 + Level 0.4 Long Blades
 + Level 2.0 Dodging
 + Level 2.2 Stealth
 + Level 4.2 Spellcasting
 + Level 1.7 Transmutations
 + Level 0.1 Fire Magic
 + Level 1.9 Air Magic
 + Level 4.2 Poison Magic


You had 3 spell levels left.
You knew the following spells:

 Your Spells              Type           Power        Failure   Level  Hunger
a - Sting                 Tmut/Pois      ##..         5%          1    None
b - Poisonous Vapours     Pois/Air       ##....       8%          2    ##.....
c - Ignite Poison         Fire/Tmut/Pois #.......     22%         3    ###....
d - Olgreb's Toxic Radia  Pois           ###.....     30%         4    ####...

Your spell library contained the following spells:

 Spells                   Type           Power        Failure   Level  Hunger
 Mephitic Cloud           Conj/Pois/Air  #.......     22%         3    ###....


Dungeon Overview and Level Annotations

Branches:
Dungeon (5/15)
 Temple: D:4-7

Altars:
Ashenzari
Qazlal
Ru
Vehumet
Wu Jian

Shops:
D:4 %


Innate Abilities, Weirdness & Mutations

Your plain brown scales are hard. (AC +6)
You cannot fit into any form of body armour.
You are cold-blooded and may be slowed by cold attacks.
You are dopey. (Int -2)
You expend magic power (3 MP) to strengthen your wands.


Message History

You can't see any susceptible monsters within range! (Use Z to cast anyway.)
Casting: Olgreb's Toxic Radiance (quite dangerous; 30% risk of failure)
Confirm with . or Enter, or press ? or * to list all spells.
The spell is quite dangerous to cast (30% risk of failure)!
Continue anyway?
You begin to radiate toxic energy.
The centaur shouts!
The centaur is poisoned.
The centaur looks even sicker.
The centaur wields a +0 shortbow.
The centaur shoots an arrow.
The arrow hits you!
The crimson imp blinks!
The centaur shoots an arrow.
The arrow hits you.
* * * LOW HITPOINT WARNING * * *
It was a potion of might.
You feel very mighty all of a sudden.
The centaur looks even sicker.
Your toxic aura wanes.
The crimson imp blinks!
The centaur shoots an arrow.
The arrow barely misses you.
You feel sick.
The centaur shoots an arrow.
The arrow barely misses you.
The centaur shoots an arrow.
The arrow hits you!
You die...

.?....#.# #.## #.##
........ ... ^. #...#.#
#.# .. #.....###.### ..
#....5...... ..
.##.....#.#.############
.......>................
.##.#.#.##..#####.###.##
.#..@##..# #รท# #.##
............# #.###.##
.#.##c####..............
# ... ....####.###.##
+##. ....... ......# .
###........##### .
.......### ## ##.....#
.. .....# ##


You could see a centaur (very poisoned) and a crimson imp.

Vanquished Creatures
  An ogre (D:4)
  A howler monkey (D:4)
  Terence (D:2)
  A worker ant (D:4)
  4 gnolls (D:2)
  3 adders
  2 oozes (D:2)
  A worm (D:3)
  4 dart slugs
  4 leopard geckos
  An orc (D:3)
  6 giant cockroaches
  4 goblins
  7 hobgoblins
  4 jackals (D:1)
  5 kobolds
  3 quokkas
  A ball python (D:2)
  4 bats
  4 frilled lizards
  A jackal zombie (D:5)
  4 rats
66 creatures vanquished.

Notes
Turn   | Place    | Note
-------+----------+-------------------------------------------
     0 | D:1      | hawla the Draconian Venom Mage began the quest for the Orb.
     0 | D:1      | Reached XP level 1. HP: 14/14 MP: 3/3
   292 | D:1      | Reached XP level 2. HP: 8/20 MP: 0/5
   703 | D:1      | Learned a level 2 spell: Poisonous Vapours
  1383 | D:2      | Reached XP level 3. HP: 26/26 MP: 1/6
  1943 | D:2      | Reached XP level 4. HP: 24/33 MP: 1/8
  2351 | D:2      | Found an ornate altar of the Wu Jian Council.
  2591 | D:2      | Noticed Terence
  2622 | D:2      | Learned a level 3 spell: Ignite Poison
  2654 | D:2      | Killed Terence
  2654 | D:2      | Reached skill level 1 in Air Magic
  3783 | D:3      | Found a stormy altar of Qazlal.
  3783 | D:3      | Found a radiant altar of Vehumet.
  3785 | D:3      | Found a sacrificial altar of Ru.
  3791 | D:3      | Became a worshipper of Vehumet
  4090 | D:4      | Reached XP level 5. HP: 39/39 MP: 1/10
  4181 | D:4      | Found a shattered altar of Ashenzari.
  4431 | D:4      | Found Pechouh's Food Shoppe.
  4557 | D:4      | Noticed an ogre
  4565 | D:4      | Killed an ogre
  4565 | D:4      | Reached XP level 6. HP: 46/46 MP: 1/12
  4928 | D:5      | Entered Level 5 of the Dungeon
  4930 | D:5      | Gained mutation: You expend magic power (3 MP) to
                  | strengthen your wands. [potion of mutation]
  4930 | D:5      | Gained mutation: You are dopey. (Int -2) [potion of
                  | mutation]
  4930 | D:5      | Gained mutation: You are weak. (Str -2) [potion of
                  | mutation]
  4930 | D:5      | Lost mutation: You are weak. (Str -2) [potion of mutation]
  4943 | D:5      | Learned a level 4 spell: Olgreb's Toxic Radiance
  5257 | D:5      | Shot with an arrow by a centaur

Illustrated notes

Levels and vault maps discovered:
D:1:      minmay_arrival_semitransparent, layout_basic
D:2:      layout_basic, nicolae_overflow_hidden_temple, uniq_terence
D:3:      layout_basic, minitemple
D:4:      layout_cave_pools, ashenzari_altar_1, serial_shops, shop
D:5:      layout_basic, nicolae_gozag_cash_rules_everything_around_me,
          makhleb_grotto_becter, first_ration

Skill      XL: |  1  2  3  4  5 |
---------------+----------------+-----
Dodging        | 2 |  2.0
Spellcasting   | 3 4 |  4.2
Stealth        | 2 |  2.2
Air Magic      | 1 |  1.9
Poison Magic   | 4 |  4.2
Fighting       | |  0.3
Long Blades    | |  0.4
Transmutations | |  1.7
Fire Magic     | |  0.1

Action                   |  1- 3 |  4- 6 || total
-------------------------+-------+-------++-------
Melee: Unarmed           |    37 |     1 ||    38
       Tailslap          |     4 |     1 ||     5
       Falchion          |       |     9 ||     9
 Cast: Sting             |    36 |    16 ||    52
       Poisonous Vapours |    16 |    56 ||    72
       Ignite Poison     |       |     2 ||     2
       Olgreb's Toxic Ra |       |     2 ||     2
  Use: Scroll            |     6 |     4 ||    10
       Potion            |       |     2 ||     2
  Eat: Chunk             |     4 |    13 ||    17
Armor: Skin              |    15 |     5 ||    20
Dodge: Dodged            |    44 |    19 ||    63
       Rpst.: Falchion   |       |     3 ||     3
